 Dungeon Crawl Stone Soup version 0.29.1-15-g9cfb28693d (webtiles) character file.

Game seed: 6960846139718814578

677 BabyfaceFinlayson the Ogre Mage (level 7, 0/62 HPs)
             Began as an Ogre Fire Elementalist on Mar 4, 2023.
             Killed by an exploding bullfrog (44 damage)
             ... ignited by their inner flame
             ... on level 6 of the Dungeon.
             The game lasted 00:17:34 (6137 turns).

BabyfaceFinlayson the Ogre Mage (OgFE)              Turns: 6137, Time: 00:17:34

Health: 0/62       AC:  3    Str: 13    XL:     7   Next: 60%
Magic:  6/15       EV: 10    Int: 25    God:
Gold:   253        SH:  0    Dex:  9    Spells: 7/17 levels left

rFire   . . .      SeeInvis +   k - staff of cold
rCold   + . .      Faith    +   (no shield)
rNeg    + . .      Spirit   .   i - +0 robe of Restlessness {Contam Will+ Int+4 Archmagi}
rPois   .          Reflect  .   (helmet restricted)
rElec   .          Harm     .   (no cloak)
rCorr   +          Rampage  .   (gloves unavailable)
Will    +....      Archmagi +   (boots unavailable)
Stlth   ++........              q - amulet of faith
HPRegen 0.20/turn               f - ring of see invisible
MPRegen 0.14/turn               o - ring of the Townfolk {rN+ rCorr Int+3}

@: no status effects
A: large, unfitting armour, tough skin 1
a: no special abilities


You were on level 6 of the Dungeon.
You visited 1 branch of the dungeon, and saw 6 of its levels.

You collected 253 gold pieces.

Inventory:

Armour
 a - a +0 robe
 i - the +0 robe of Restlessness (worn) {Contam Will+ Int+4 Archmagi}
   (You found it on level 2 of the Dungeon)

   Int:       It affects your intelligence (+4).
   Contam:    It causes magical contamination when unequipped.
   Archmagi:  It increases the power of your magical spells.
   Will:      It increases your willpower.
Magical Staves
 g - a staff of earth
 k - a staff of cold (weapon)
Jewellery
 f - a ring of see invisible (left hand)
 o - the ring of the Townfolk (right hand) {rN+ rCorr Int+3}
   (You found it on level 5 of the Dungeon)

   [ring of positive energy]

   Int:       It affects your intelligence (+3).
   rN:        It protects you from negative energy.
   rCorr:     It protects you from acid and corrosion.
 q - an amulet of faith (around neck)
Wands
 h - a wand of iceblast (11)
Scrolls
 c - 2 scrolls of teleportation
 j - a scroll of enchant weapon
 m - a scroll of poison {unknown}
 n - a scroll of magic mapping
Potions
 b - 3 potions of haste
 d - a potion of brilliance
 e - 2 potions of attraction
 l - a potion of cancellation {unknown}
 p - a potion of might {unknown}


   Skills:
 + Level 1.1 Fighting
 + Level 0.6 Staves
 + Level 2.3 Dodging
 + Level 2.2 Stealth
 + Level 5.7 Spellcasting
 + Level 2.2 Conjurations
 + Level 0.1 Hexes
 + Level 5.3 Fire Magic


You had 7 spell levels left.
You knew the following spells:

 Your Spells              Type           Power      Damage    Failure   Level
a - Foxfire               Conj/Fire      100%       2x1d9     1%          1
b - Scorch                Fire           100%       2d10      1%          2
c - Inner Flame           Hex/Fire       31%        N/A       8%          3
d - Flame Wave            Conj/Fire      39%        2d11      16%         4

Your spell library contained the following spells:

 Spells                   Type           Power      Damage    Failure   Level
 Conjure Flame            Conj/Fire      39%        6-21      4%          3
 Sublimation of Blood     Necr           10%        N/A       12%         2
 Wereblood                Tmut           10%        N/A       12%         2
 Petrify                  Tmut/Erth      10%        N/A       58%         4
 Irradiate                Conj/Tmut      9%         3d14      80%         5
 Summon Hydra             Summ           5%         N/A       100%        7


Dungeon Overview and Level Annotations

Branches:
Dungeon (6/15)
 Temple: D:4-7

Altars:
Fedhas
Kikubaaqudgha
Trog

Annotations:
D:5 crompyre's ghost, novice GrGl


Innate Abilities, Weirdness & Mutations

You are too large for most types of armour.
You have tough skin. (AC +1)


Message History

The foxfire hits the ice beast.
The ice beast melts!
Flame seeps out of the ice beast.
The ice beast is moderately wounded.
The ice beast is engulfed in blazing flames.
Flame seeps out of the ice beast.
There is an open door here.
Casting: Foxfire (safe; 1% risk of failure)
Confirm with . or Enter, or press ? or * to list all spells.
You feel a surge of power!
Flames lash the ice beast.
The ice beast melts!
The ice beast explodes!
The fiery explosion engulfs you!!
You hear a shout!
You start resting.
A bullfrog comes into view.
Casting: Scorch (safe; 1% risk of failure)
Confirm with . or Enter, or press ? or * to list all spells.
Aiming: Inner Flame (dangerous; 8% risk of failure)
Press: ? - help, Dir - move target, f - bullfrog
Aim: a bullfrog (wandering, hasn't noticed you, chance to affect: 84%)
You feel a surge of power!
The bullfrog gives a loud, deep croak!
The bullfrog barely resists.
Casting: Inner Flame (dangerous; 8% risk of failure)
Confirm with . or Enter, or press ? or * to list all spells.
Aiming: Inner Flame (dangerous; 8% risk of failure)
Press: ? - help, Dir - move target, f/p - bullfrog
Aim: a bullfrog (chance to affect: 84%)
You feel a surge of power!
The bullfrog is filled with an inner flame.
Casting: Inner Flame (dangerous; 8% risk of failure)
Confirm with . or Enter, or press ? or * to list all spells.
You feel a surge of power!
Flames lash the bullfrog.
Flame seeps out of the bullfrog.
The bullfrog is severely wounded.
The bullfrog's fire resistance burns away.
The bullfrog is engulfed in blazing flames.
The bullfrog explodes!
The fiery explosion engulfs you!!!
Ouch! That really hurt!
You die...

#... #####
#...##...# #...
....# #..§ #...+
#...##...#
#........##### .#
#...###§###..###..#
#...#..§○§#........
#...+..§§@#.......#
#...#.....#'########
#####..............#
#..............#
#..............#
#.........<....####
...##+######........
..#. #........ ..#
#........


There were no monsters in sight!

Vanquished Creatures
  An ice beast (D:6)
  A bullfrog (D:6)
  2 scorpions (D:5)
  3 hounds
  2 orc priests (D:3)
  Jessica (D:2)
  An iguana (D:4)
  An orc wizard (D:5)
  A killer bee zombie (D:5)
  4 gnolls (D:3)
  8 adders
  An ufetubus (D:4)
  5 worms
  A dart slug (D:2)
  13 orcs
  5 ball pythons
  9 endoplasms
  4 giant cockroaches
  6 goblins
  7 hobgoblins
  2 jackals (D:1)
  3 quokkas
  6 bats
  2 frilled lizards
  8 kobolds
  4 rats
101 creatures vanquished.

Vanquished Creatures (others)
  167 foxfires
167 creatures vanquished.

Grand Total: 268 creatures vanquished

Notes
Turn   | Place    | Note
-------+----------+-------------------------------------------
     0 | D:1      | BabyfaceFinlayson the Ogre Fire Elementalist began the
                  | quest for the Orb.
     0 | D:1      | Reached XP level 1. HP: 16/16 MP: 3/3
   113 | D:1      | Reached skill level 1 in Conjurations
   319 | D:1      | Reached XP level 2. HP: 20/24 MP: 0/5
   322 | D:1      | Learned a level 2 spell: Scorch
   526 | D:1      | Found a faded altar of an unknown god.
  1204 | D:2      | Reached XP level 3. HP: 29/31 MP: 1/7
  1217 | D:2      | Noticed Jessica
  1528 | D:2      | Killed Jessica
  1529 | D:2      | Reached XP level 4. HP: 39/39 MP: 5/9
  1692 | D:2      | Learned a level 3 spell: Inner Flame
  1811 | D:2      | Identified the +0 robe of Restlessness {Contam Will+ Int+4
                  | Archmagi}
  2332 | D:2      | Learned a level 4 spell: Flame Wave
  2663 | D:3      | Reached XP level 5. HP: 22/45 MP: 6/11
  3595 | D:3      | Reached XP level 6. HP: 54/54 MP: 9/12
  4681 | D:5      | Entered Level 5 of the Dungeon
  4686 | D:5      | Reached skill level 1 in Fighting
  4704 | D:5      | Found an ancient bone altar of Kikubaaqudgha.
  4718 | D:5      | Reached skill level 5 in Spellcasting
  4944 | D:5      | Found a blossoming altar of Fedhas.
  4973 | D:5      | Reached XP level 7. HP: 61/62 MP: 14/14
  5164 | D:5      | Identified the ring of the Townfolk {rN+ rCorr Int+3}
  5380 | D:5      | Found a bloodstained altar of Trog.
  5548 | D:5      | Reached skill level 5 in Fire Magic
  5723 | D:5      | Found a runed translucent gate.
  5723 | D:5      | Found a runed translucent gate.
  5723 | D:5      | Found a runed translucent gate.
  5724 | D:5      | Noticed crompyre's ghost (novice GrGl)
  6137 | D:6      | Killed by an exploding bullfrog... ignited by their inner
                  | flame

Illustrated notes

Levels and vault maps discovered:
D:1:      grunt_arrival_crossed_arrows, layout_loops_ring,
          shapermc_ecumenical_altar_mp_ritualfount, hangedman_glass_teeth,
          chequers_serial_rivers_micro_b, chequers_serial_rivers_micro_b,
          minmay_tetromino_s4
D:2:      wad_pebble_path, layout_basic, grunt_ministairs_8, uniq_jessica
D:3:      layout_basic, moated_statue, minmay_distorted
D:4:      layout_layer_cave, hangedman_decor_slide_cut, minivault_25
D:5:      layout_basic, bloody_trog, mainiacjoe_overflow_alcove_4,
          old_standard_altar, gammafunk_ghost_necromancy
D:6:      layout_gridville, uniq_grinder

Skill      XL: |  1  2  3  4  5  6  7 |
---------------+----------------------+-----
Conjurations   | 1 2 |  2.2
Fire Magic     | 3 4 5 |  5.3
Dodging        | 2 |  2.3
Spellcasting   | 3 4 5 |  5.7
Fighting       | 1 |  1.1
Stealth        | 2 |  2.2
Staves         | |  0.6
Hexes          | |  0.1

Action                   |  1- 3 |  4- 6 |  7- 9 || total
-------------------------+-------+-------+-------++-------
Melee: Staff             |     3 |    10 |     4 ||    17
       Punch             |       |     1 |     1 ||     2
 Cast: Foxfire           |    29 |    54 |    16 ||    99
       Scorch            |    13 |    18 |    17 ||    48
       Inner Flame       |       |     2 |     4 ||     6
       Flame Wave        |       |     2 |     1 ||     3
  Use: Scroll            |     3 |     7 |     1 ||    11
       Potion            |       |     4 |     1 ||     5
Armor: Robe              |     3 |    13 |     3 ||    19
Dodge: Dodged            |    18 |    21 |     5 ||    44
